 Dungeon Crawl Stone Soup version 0.22-a0-248-gc8378ba3fb (webtiles) character file.

1243 MrRokkomies the Grappler (level 8, -7/75 HPs)
             Began as a Ghoul Monk on Feb 28, 2018.
             Was a Priest of Makhleb.
             Mangled by an ogre
             ... wielding a +0 giant club
              (28 damage)
             ... on level 5 of the Dungeon.
             The game lasted 00:10:34 (4305 turns).

MrRokkomies the Grappler (Ghoul Monk)               Turns: 4305, Time: 00:10:35

Health: -7/75      AC: 10    Str: 16    XL:     8   Next: 50%
Magic:  7/7        EV:  4    Int:  6    God:    Makhleb [***...]
Gold:   216        SH:  7    Dex: 11    Spells: 7/7 levels left

rFire    . . .     SeeInvis .     - Unarmed
rCold    + . .     Gourm    .   m - +0 shield
rNeg     + + +     Faith    .   d - +0 chain mail
rPois    ∞         Spirit   .   (no helmet)
rElec    .         Reflect  .   e - +1 cloak
rCorr    .         Harm     .   (no gloves)
MR       .....                  (no boots)
Stlth    ..........             v - amulet of magic regeneration
HPRegen  0.00/turn              a - ring of stealth
MPRegen  0.35/turn              r - ring of wizardry

@: rotting
A: rotting body, claws 1, carnivore, cold resistance 1, negative energy
resistance 3, inhibited regeneration, torment resistance, unbreathing
a: Minor Destruction, Lesser Servant of Makhleb, Renounce Religion


You were on level 5 of the Dungeon.
You worshipped Makhleb.
Makhleb was most pleased with you.
You were not hungry.

You visited 1 branch of the dungeon, and saw 5 of its levels.
You also visited: Ossuary.

You collected 216 gold pieces.

Inventory:

Missiles
 f - 24 bolts
 k - 18 poisoned needles
 l - 5 steel javelins (quivered)
Armour
 d - a +0 chain mail (worn)
 e - a +1 cloak (worn)
 m - a +0 shield (worn)
Jewellery
 a - a ring of stealth (left claw)
 r - a ring of wizardry (right claw)
 v - an amulet of magic regeneration (around neck)
Wands
 q - a wand of digging (12)
 s - a wand of flame (50)
 y - a wand of polymorph (5)
Scrolls
 g - 2 scrolls of teleportation
 i - a scroll of fog
 n - 4 scrolls of immolation
 p - 4 scrolls of remove curse
 t - a scroll of amnesia
 u - a scroll of enchant armour
Potions
 c - a potion of might
 h - 2 potions of heal wounds
 j - 2 potions of curing
 o - 3 potions of brilliance
 w - a potion of haste {unknown}
 x - a potion of ambrosia {unknown}
Comestibles
 b - 8 rations


   Skills:
 * Level 8.4 Fighting
 - Level 2.6 Dodging
 - Level 2.1 Stealth
 * Level 8.4 Unarmed Combat


You had 7 spell levels left.
You didn't know any spells.

Dungeon Overview and Level Annotations

Branches:
Dungeon (5/15)             Temple (0/1) D:5

Altars:
Cheibriados
Makhleb
Trog
The Shining One


Innate Abilities, Weirdness & Mutations

Your body is rotting away.
You thrive on raw meat.
You are immune to poison.
You have sharp fingernails.
You are carnivorous and can eat meat at any time.
Your flesh is cold resistant. (rC+)
You are immune to negative energy. (rN+++)
You do not regenerate when monsters are visible.
You are immune to unholy pain and torment.
You can survive without breathing.


Message History

Evoke which item? (* to show all) (? for menu, Esc to quit)
Aiming: Polymorph
Press: ? - help, Shift-Dir - straight line, f/p - ogre
Aim: an ogre, wielding a giant club (moderately wounded, chance to defeat MR: 46%)
The ogre resists with some effort.
The ogre hits you with a giant club!
* * * LOW HITPOINT WARNING * * *
Okay, then.
Unknown command.
Okay, then.
Unknown command.
Evoke which item? (* to show all) (? for menu, Esc to quit)
Aiming: Polymorph
Press: ? - help, Shift-Dir - straight line, f/p - ogre
Aim: an ogre, wielding a giant club (lightly wounded, chance to defeat MR: 46%)
The ogre resists with some effort.
You see here 25 stones.
You claw the ogre!
The ogre is heavily wounded.
The ogre hits you with a giant club!!
You die...

#.#.# #.#.#
#####.###
#.#.###.#.#
#...(....
#.........#
#.###.###
#.......### #.# #)#
#._8_.### #.# #....
.###.....# #.# #####
.........# #.#
####..#.##########.#
##....@O........#
################


You could see an ogre.

Vanquished Creatures
  Grinder (D:3)
  The ghost of NooBeakApe the Conjurer, an amateur DsCj (D:3)
  A centaur (D:5)
  2 elf zombies (Ossuary)
  4 centaur zombies (Ossuary)
  A crimson imp (D:2)
  2 orc priests (D:3)
  6 human zombies (Ossuary)
  3 orc wizards (D:4)
  Jessica (D:3)
  2 worker ants
  4 mummies
  4 adders
  2 shadow imps
  An ooze (D:1)
  An adder skeleton (D:4)
  3 worms (D:3)
  A dart slug (D:4)
  A leopard gecko (D:2)
  8 orcs
  6 bats
  A giant cockroach (D:2)
  9 goblins
  3 hobgoblins
  6 jackals
  2 quokkas
  3 ball pythons
  3 frilled lizards
  11 kobolds
  13 rats
106 creatures vanquished.

Notes
Turn   | Place    | Note
-------+----------+-------------------------------------------
     0 | D:1      | MrRokkomies the Ghoul Monk began the quest for the Orb.
     0 | D:1      | Reached XP level 1. HP: 19/19 MP: 0/0
    98 | D:1      | Reached XP level 2. HP: 23/26 MP: 1/1
   644 | D:2      | Reached XP level 3. HP: 32/32 MP: 2/2
   732 | D:2      | Reached XP level 4. HP: 29/40 MP: 3/3
  1443 | D:2      | Found a burning altar of Makhleb.
  1448 | D:2      | Became a worshipper of Makhleb the Destroyer
  1448 | D:2      | Reached * piety under Makhleb
  1448 | D:2      | Reached ** piety under Makhleb
  1618 | D:3      | Noticed NooBeakApe's ghost (amateur DsCj)
  1618 | D:3      | Reached XP level 5. HP: 43/47 MP: 4/4
  1779 | D:3      | Found a transporter.
  1801 | D:3      | Found a transporter.
  1844 | D:3      | Noticed Jessica
  1848 | D:3      | Killed Jessica
  1848 | D:3      | Reached skill level 5 in Fighting
  1848 | D:3      | Reached skill level 5 in Unarmed Combat
  2186 | D:3      | Noticed Grinder
  2187 | D:3      | Paralysed by Grinder for 2 turns
  2200 | D:3      | Paralysed by Grinder for 3 turns
  2206 | D:3      | Killed Grinder
  2206 | D:3      | Reached XP level 6. HP: 54/56 MP: 5/5
  2394 | D:3      | Noticed a moth of wrath
  2397 | D:3      | Found a bloodstained altar of Trog.
  2752 | D:3      | Killed NooBeakApe's ghost
  2752 | D:3      | Reached XP level 7. HP: 61/64 MP: 6/6
  2954 | D:4      | Found a sand-covered staircase.
  2969 | Ossuary  | Entered an ossuary
  3304 | Ossuary  | Reached XP level 8. HP: 54/72 MP: 7/7
  3770 | D:4      | Reached *** piety under Makhleb
  4147 | D:5      | Entered Level 5 of the Dungeon
  4156 | D:5      | Found a staircase to the Ecumenical Temple.
  4239 | D:5      | Found a glowing golden altar of the Shining One.
  4246 | D:5      | Found a snail-covered altar of Cheibriados.
  4305 | D:5      | Mangled by an ogre

Vault maps used:
D:1:      dpeg_arrival_chambers_temple_mockup, minmay_circled_x
D:2:      minmay_wonky_spiral, lightli_temple_of_fire
D:3:      gammafunk_wand_slinger, tgw_trog, first_ration, uniq_jessica,
          uniq_grinder
D:4:      gup_ossuary_entry_pyramid, lemuel_old_faithful
D:5:      chequers_temple_overflow_statue_of_worship,
          minmay_temple_entry_large_hall
Ossuary:  ossuary_minmay_four_chambers

Skill      XL: |  1  2  3  4  5  6  7  8 |
---------------+-------------------------+-----
Fighting       | 4 6 7 8 |  8.4
Unarmed Combat | 4 6 7 8 |  8.4
Dodging        | |  2.6
Stealth        | |  2.1

Action                   |  1- 3 |  4- 6 |  7- 9 || total
-------------------------+-------+-------+-------++-------
Melee: Unarmed           |   103 |   141 |   239 ||   483
       Punch             |       |     1 |       ||     1
Evoke: Wand              |       |       |     5 ||     5
  Use: Scroll            |     3 |     3 |     8 ||    14
       Potion            |       |     1 |     1 ||     2
  Eat: Chunk             |       |     5 |     8 ||    13
Armor: Chain mail        |    62 |    70 |    83 ||   215
       Ring mail         |     5 |       |       ||     5
Dodge: Dodged            |    22 |    31 |    22 ||    75
Block: Shield            |       |    35 |    57 ||    92

Table legend:
 A = Spawn XP
 B = Non-spawn XP
 C = Spawn XP percentage of total XP
 D = Spawn monster count
 E = Non-spawn monster count
 F = Spawn count percentage of total count
 G = Total turns spent on level
                    A         B        C        D         E        F      G
               +---------+---------+-------+---------+---------+-------+---------
         Total |       0 |    1776 |   0.0 |       0 |     106 |   0.0 |  4305
               +---------+---------+-------+---------+---------+-------+---------
           D:1 |       0 |      33 |   0.0 |       0 |      19 |   0.0 |   637
           D:2 |       0 |     118 |   0.0 |       0 |      24 |   0.0 |  1137
           D:3 |       0 |     595 |   0.0 |       0 |      29 |   0.0 |  1266
           D:4 |       0 |     201 |   0.0 |       0 |      16 |   0.0 |   659
           D:5 |       0 |     150 |   0.0 |       0 |       3 |   0.0 |   158
       Ossuary |       0 |     679 |   0.0 |       0 |      15 |   0.0 |   448
               +---------+---------+-------+---------+---------+-------+---------
